 Dungeon Crawl Stone Soup version 0.23-a0-370-gf497b7c (webtiles) character file.

1358 RoseArtemis the Chopper (level 8, 0/71 HPs)
             Began as a Pale Draconian Berserker on Oct 24, 2018.
             Was a Believer of Trog.
             Splashed by a jelly's acid (7 damage)
             ... on level 5 of the Dungeon.
             The game lasted 00:14:09 (5160 turns).

RoseArtemis the Chopper (Pale Draconian Berserker)  Turns: 5160, Time: 00:14:10

Health: 0/71       AC: -13   Str: 22    XL:     8   Next: 37%
Magic:  8/8        EV: 16    Int:  8    God:    Trog [**....]
Gold:   176        SH:  4    Dex: 10    Spells: 7/7 levels left

rFire    . . .     SeeInvis .   a - +0 hand axe
rCold    . . .     Gourm    .   g - +0 buckler
rNeg     . . .     Faith    .   (armour unavailable)
rPois    .         Spirit   .   (helmet restricted)
rElec    .         Reflect  .   f - +0 cloak
rCorr    .         Harm     .   (no gloves)
MR       ++...                  (no boots)
Stlth    +.........             (no amulet)
HPRegen  1.21/turn              l - +2 ring of evasion
MPRegen  0.11/turn              (no ring)

@: lethally poisoned (0 -> 0), corroded, regenerating
A: breathe steam, unfitting armour, cold-blooded, AC +6
a: Breathe Steam, Berserk, Trog's Hand, Renounce Religion


You were on level 5 of the Dungeon.
You worshipped Trog.
Trog was pleased with you.
You were not hungry.

You visited 2 branches of the dungeon, and saw 6 of its levels.

You collected 176 gold pieces.

Inventory:

Hand Weapons
 a - a +0 hand axe (weapon)
Armour
 f - a +0 cloak (worn)
 g - a +0 buckler (worn)
Jewellery
 l - a +2 ring of evasion (left hand)
Wands
 s - a wand of polymorph (11)
Scrolls
 c - 2 scrolls of fog
 h - a scroll of fear
 j - a scroll of magic mapping {unknown}
 k - a scroll of enchant armour {unknown}
 m - 2 scrolls of remove curse
 o - a scroll of enchant weapon {unknown}
 r - a scroll of teleportation {unknown}
 t - a scroll of amnesia {unknown}
Potions
 d - a potion of flight
 e - a potion of magic {unknown}
 i - 2 potions of heal wounds
 n - a potion of brilliance {unknown}
 p - a potion of agility {unknown}
 q - a potion of haste {unknown}
 u - a potion of ambrosia {unknown}
 v - a potion of curing {unknown}
Comestibles
 b - 11 rations


   Skills:
 + Level 6.5 Fighting
 * Level 7.0 Axes
 + Level 5.4 Dodging
 + Level 3.2 Shields


You had 7 spell levels left.
You didn't know any spells.
Your spell library was empty.

Dungeon Overview and Level Annotations

Branches:
Dungeon (5/15)             Temple (1/1) D:4

Altars:
Ashenzari
Cheibriados
Dithmenos
Fedhas
Gozag
Hepliaklqana
Qazlal
Ru
Trog
Vehumet
Wu Jian
Xom
Yredelemnul
Zin
The Shining One
Jiyva

Shops:
D:4 (


Innate Abilities, Weirdness & Mutations

You can breathe blasts of scalding, opaque steam.
Your pale cyan-grey scales are hard. (AC +6)
You cannot fit into any form of body armour.
You are cold-blooded and may be slowed by cold attacks.


Message History

* * * LOW HITPOINT WARNING * * *
You feel sick. The jelly misses you.
You hit the jelly but do no damage. The acid corrodes you!
Your hands burn!
* * * LOW HITPOINT WARNING * * *
You feel sick. The jelly hits you.
* * * LOW HITPOINT WARNING * * *
The acid corrodes you!
You are splashed with acid!
The acid burns!
* * * LOW HITPOINT WARNING * * *
You hit the jelly but do no damage. The acid corrodes you!
Your hands burn!
* * * LOW HITPOINT WARNING * * *
You feel sick. The jelly barely misses you.
You hit the jelly but do no damage.
Your hands burn!
* * * LOW HITPOINT WARNING * * *
You feel sick. The jelly closely misses you.
Your skin crawls.
You feel resistant to hostile enchantments.
You feel somewhat more hungry.
You feel sick. The jelly hits you.
* * * LOW HITPOINT WARNING * * *
The acid corrodes you!
You are splashed with acid!
The acid burns!
You die...

########.#.#
#........#.#
#.#####..#"# .
#.###..#.# .8#
#<.....#.# ...
######.#.# .. ..#.#
.#.##.#############.#
......J@...........>#
.#.##..#######.###.##
#..#######'###.#
#.........(^.#.#
#.#..........#.#
..#...8.8..((#.#
####.8.....8..#.#
#.......)).#.#
#..##'##..##.#


You could see a jelly.

Vanquished Creatures
  Eustachio (D:4)
  Sigmund (D:3)
  Edmund (D:5)
  A sky beast (D:5)
  A phantom (D:4)
  A centaur (D:5)
  7 scorpions (D:4)
  A hound (D:4)
  An iguana (D:2)
  2 worker ants
  A hound skeleton (D:4)
  10 adders
  3 oozes (D:4)
  An adder skeleton (D:5)
  A worm (D:4)
  8 dart slugs
  A leopard gecko (D:3)
  3 orcs
  15 bats
  7 giant cockroaches
  10 goblins
  12 hobgoblins
  6 jackals
  5 kobolds
  2 quokkas
  2 ball pythons
  3 frilled lizards
  A leopard gecko skeleton (D:3)
  12 rats
120 creatures vanquished.

Vanquished Creatures (others)
  7 fungi (D:4)
7 creatures vanquished.

Grand Total: 127 creatures vanquished

Notes
Turn   | Place    | Note
-------+----------+-------------------------------------------
     0 | D:1      | RoseArtemis the Draconian Berserker began the quest for the
                  | Orb.
     0 | D:1      | Reached XP level 1. HP: 19/19 MP: 1/1
   164 | D:1      | Reached XP level 2. HP: 26/26 MP: 2/2
   629 | D:1      | Reached XP level 3. HP: 25/33 MP: 3/3
   926 | D:1      | Reached ** piety under Trog
  1135 | D:2      | Reached XP level 4. HP: 40/40 MP: 4/4
  2105 | D:3      | Reached skill level 4 in Axes
  2220 | D:3      | Found a snail-covered altar of Cheibriados.
  2426 | D:3      | Reached XP level 5. HP: 47/47 MP: 5/5
  2436 | D:3      | Reached *** piety under Trog
  2449 | D:3      | Found an ornate altar of the Wu Jian Council.
  2519 | D:3      | Noticed Sigmund
  2530 | D:3      | Killed Sigmund
  2530 | D:3      | Reached skill level 5 in Fighting
  2530 | D:3      | Reached XP level 6. HP: 56/56 MP: 6/6
  2863 | D:4      | Found a staircase to the Ecumenical Temple.
  2980 | Temple   | Entered the Ecumenical Temple
  3186 | D:4      | Found a stormy altar of Qazlal.
  3222 | D:4      | Noticed Eustachio
  3334 | D:4      | Killed Eustachio
  3334 | D:4      | Reached skill level 5 in Axes
  3334 | D:4      | Reached skill level 1 in Shields
  3334 | D:4      | Your scales start taking on a pale cyan-grey colour.
  3334 | D:4      | Reached XP level 7. HP: 26/61 MP: 7/7
  3661 | D:4      | Found Juluzeon's Antique Weapon Shoppe.
  4011 | D:4      | Reached skill level 6 in Axes
  4059 | D:4      | Reached skill level 5 in Dodging
  4497 | D:4      | Reached XP level 8. HP: 57/70 MP: 8/8
  4701 | D:5      | Entered Level 5 of the Dungeon
  4857 | D:5      | Found a glowing silver altar of Zin.
  4859 | D:5      | Noticed Edmund
  4882 | D:5      | Killed Edmund
  5151 | D:5      | Reached skill level 7 in Axes
  5160 | D:5      | Splashed by a jelly's acid

Vault maps used:
D:1:      mrwooster_arrival_statue
D:2:      first_ration, minmay_heptomino_d4
D:3:      cheibriados_altar_1, nicolae_overflow_crystal_walls, st_stairs_5,
          uniq_sigmund
D:4:      old_forge, lemuel_round_altar, minmay_temple_entry_statues,
          serial_shops, shop, lemuel_another_geyser, uniq_eustachio
D:5:      minmay_diamond_boxcup, zin_statuary, nicolae_overflow_hidden_temple,
          minmay_statues_item, uniq_edmund
Temple:   pf_slime_end_temple

Skill      XL: |  1  2  3  4  5  6  7  8 |
---------------+-------------------------+-----
Dodging        | 3 4 5 |  5.4
Fighting       | 4 5 6 |  6.5
Axes           | 4 5 6 7 |  7.0
Shields        | 1 2 3 |  3.2

Action                   |  1- 3 |  4- 6 |  7- 9 || total
-------------------------+-------+-------+-------++-------
Melee: Hand axe          |    87 |   228 |   205 ||   520
       Tailslap          |     9 |    27 |    20 ||    56
Invok: Berserk           |     1 |     4 |     5 ||    10
       Trog's Hand       |       |     5 |     5 ||    10
  Use: Scroll            |       |     1 |     8 ||     9
 Stab: Sleeping          |     1 |       |       ||     1
       Held in net/web   |       |       |     1 ||     1
  Eat: Chunk             |     1 |    12 |    14 ||    27
Armor: Skin              |    41 |   111 |    37 ||   189
Dodge: Dodged            |    48 |   179 |   124 ||   351
Block: Buckler           |     1 |    42 |    38 ||    81

Table legend:
 A = Non-vault XP
 B = Vault XP
 C = Vault XP percentage of total XP
 D = Non-vault monster count
 E = Vault monster count
 F = Vault count percentage of total count
                 A         B        C        D         E       F
            +---------+---------+-------+---------+---------+-------
      Total |     816 |    1125 |  58.0 |      97 |      23 |  19.2
            +---------+---------+-------+---------+---------+-------
        D:1 |      57 |       0 |   0.0 |      27 |       0 |   0.0
        D:2 |      88 |       4 |   4.3 |      25 |       2 |   7.4
        D:3 |      62 |     216 |  77.7 |      22 |       3 |  12.0
        D:4 |     308 |     739 |  70.6 |      17 |      17 |  50.0
        D:5 |     301 |     166 |  35.5 |       6 |       1 |  14.3
            +---------+---------+-------+---------+---------+-------
